 Dungeon Crawl Stone Soup version 0.32-a0-361-g289a535e89 (webtiles) character file.

Game seed: 3426726579308598046

3278 zeratav the Destroyer (level 10, 0/56 HPs)
             Began as an Octopode Conjurer on Feb 19, 2024.
             Was a Follower of Vehumet.
             Slain by a vampire (7 damage)
             ... on level 9 of the Dungeon.
             The game lasted 00:21:21 (9453 turns).

zeratav the Destroyer (Octopode Conjurer)           Turns: 9453, Time: 00:21:21

Health: 0/56       AC:  5    Str:  7    XL:     10   Next: 0%
Magic:  18/29      EV: 13    Int: 25    God:    Vehumet [*.....]
Gold:   39         SH:  5    Dex: 12    Spells: 16/23 levels left

rFire   . . .        i - +2 dagger (elec) {short}
rCold   . . .        (no shield)
rNeg    + . .        (helmet restricted)
rPois   +            v - amulet of reflection
rElec   +            c - ring of poison resistance
rCorr   .            t - +4 ring of protection
SInv    .            m - ring of magical power
Will    .....        s - ring "Caqy" {^Drain rElec rN+ Dex+2 Stlth+}
Stlth   +++++        (no ring)
HPRegen 0.29/turn    (no ring)
MPRegen 0.21/turn    (no ring)
                     (no ring)

%: reflection
@: no status effects
A: almost no armour, amphibious, 8 rings, camouflage 1, gelatinous body 1,
(nimble swimmer 1), tentacles
a: Renounce Religion


You were on level 9 of the Dungeon.
You worshipped Vehumet.
Vehumet was aware of your devotion.
You visited 2 branches of the dungeon, and saw 10 of its levels.

You collected 454 gold pieces.
You spent 415 gold pieces at shops.


Innate Abilities, Weirdness & Mutations

You cannot wear most types of armour.
You are amphibious.
You can wear up to eight rings at the same time.
Your skin changes colour to match your surroundings (Stealth+).
Your rubbery body absorbs attacks. (AC +1, EV +1)
((You are camouflaged when in or above water. (Stealth+)))
You have tentacles for arms and can constrict up to eight enemies at once.


   Skills:
 - Level 2.0 Dodging
 - Level 5.0 Stealth
 - Level 7.0 Spellcasting
 - Level 10.0 Conjurations
 + Level 7.2 Alchemy


You had 16 spell levels left.
You knew the following spells:

 Your Spells              Type           Power      Damage    Failure   Level
a - Magic Dart            Conj           100%       1d8       1%          1
b - Searing Ray           Conj           100%       2d8       1%          2
c - Fulminant Prism       Conj/Alch      25%        3d13      1%          4

Your spell library contained the following spells:

 Spells                   Type           Power      Damage    Failure   Level
 Kiss of Death            Conj/Necr      100%       2d13      1%          1
 Shock                    Conj/Air       100%       1d9       1%          1
 Sting                    Conj/Alch      100%       1d9       1%          1
 Mephitic Cloud           Conj/Alch/Air  37%        N/A       1%          3
 Mercury Vapours          Alch/Air       52%        N/A       2%          2
 Hailstorm                Conj/Ice       33%        3d8       2%          3
 Cigotuvi's Dreadful Rot  Necr/Alch/Air  40%        N/A       3%          2
 Apportation              Tloc           16%        N/A       7%          1
 Freeze                   Ice            32%        1d5       7%          1
 Necrotise                Necr           32%        1d5       7%          1
 Summon Small Mammal      Summ           32%        N/A       7%          1
 Iskenderun's Mystic Bla  Conj/Tloc      33%        2d8       9%          4
 Ignite Poison            Fire/Alch      26%        N/A       16%         4
 Frozen Ramparts          Ice            16%        1d3       21%         3
 Summon Ice Beast         Ice/Summ       8%         N/A       21%         3
 Swiftness                Air            8%         N/A       21%         3
 Freezing Cloud           Conj/Ice/Air   12%        6-21      43%         5
 Airstrike                Air            4%         2d(1-17)  54%         4
 Summon Blazeheart Golem  Fire/Summ      8%         N/A       54%         4
 Orb of Destruction       Conj           28%        9d9       67%         7
 Summon Forest            Summ/Tloc      4%         N/A       88%         5
 Summon Mana Viper        Hex/Summ       8%         N/A       88%         5
 Summon Cactus Giant      Summ           4%         N/A       100%        6
 Monstrous Menagerie      Summ           4%         N/A       100%        7
 Spellforged Servitor     Conj/Summ      16%        N/A       100%        7

Inventory:

Hand Weapons
 i - a +2 dagger of electrocution (weapon) {short}
   (You took it off a goblin on level 2 of the Dungeon)
 x - a +1 demon blade of venom {long}
   (You found it on level 6 of the Dungeon)
Armour
 f - a +0 kite shield
   (You took it off a gnoll sergeant on level 6 of the Dungeon)
Jewellery
 c - a ring of poison resistance (left tentacle)
   (You found it on level 1 of the Dungeon)
 m - a ring of magical power (on tentacle)
   (You found it on level 6 of the Dungeon)
 s - the ring "Caqy" (on tentacle) {^Drain rElec rN+ Dex+2 Stlth+}
   (You acquired it on level 7 of the Dungeon)

   [ring of positive energy]

   Dex+2:     It affects your dexterity (+2).
   rElec:     It insulates you from electricity.
   rN+:       It protects you from negative energy.
   ^Drain:    It drains your maximum health when unequipped.
   Stlth+:    It makes you more stealthy.
 t - a +4 ring of protection (right tentacle)
   (You found it on level 4 of the Dungeon)
 u - an amulet of the acrobat
   (You found it on level 4 of the Dungeon)
 v - an amulet of reflection (around mantle)
   (You found it on level 5 of the Dungeon)
Talismans
 g - a beast talisman
   (You found it on level 2 of the Dungeon)
Wands
 o - a wand of flame (44)
   (You found it on level 7 of the Dungeon)
 r - a wand of roots (5)
   (You found it on level 4 of the Dungeon)
Scrolls
 d - 3 scrolls of noise {!r}
 h - 2 scrolls of poison
 k - a scroll of immolation {!r!r}
 p - a scroll of fog
 q - a scroll of enchant weapon
 y - 2 scrolls of teleportation {@r4}
 z - a scroll of revelation
 C - a scroll of butterflies
 D - a scroll of enchant armour {unknown}
 F - a scroll of identify {@r1}
 G - a scroll of blinking {!r}
Potions
 a - a potion of magic
 b - 2 potions of might
 e - 2 potions of degeneration {unknown}
 j - a potion of curing {@q1}
 l - a potion of berserk rage {unknown}
 n - a potion of cancellation {unknown}
 w - a potion of enlightenment {unknown}
 A - a potion of haste {@q3}
 B - a potion of brilliance
 E - a potion of heal wounds {unknown}

Dungeon Overview and Level Annotations

Branches:
Dungeon (9/15) Zot: 26875  Temple (1/1) D:6 Zot: 5960
   Lair: D:8-11         Orc: D:9-12

Altars:
Ashenzari
Cheibriados
Dithmenos
Elyvilon
Fedhas
Gozag
Hepliaklqana
Kikubaaqudgha
Makhleb
Nemelex Xobeh
Okawaru
Qazlal
Ru
Trog
Uskayaw
Vehumet
Wu Jian
Xom
Yredelemnul
Zin
The Shining One

Shops:
D:3 (   D:7 [?!(!   D:8 *

Annotations:
D:4 exclusion: downstairs
D:5 1 runed translucent door, Crazy Yiuf, Menkaure
D:6 exclusion: downstairs
D:7 exclusion: 3 yaks

#......)## $.##..
#.....#.##...#..
#....)..#...#.#.
#..............
#.....!#......
#.).†........
######...........
#.........#.#.~..
#....@....# .. .
.......g....+ ...
###.........# ...
#.........# ..
#.........# .
#.........#
#.........#
#.........#
..........#


You could see a gnoll.


Message History

Casting: Fulminant Prism (dangerous; 2% risk of failure)
Confirm with . or Enter, or press ? or * to list all spells.
Aiming: Fulminant Prism (dangerous; 2% risk of failure)
Press: ? - help, Dir - move target You conjure a prism of explosive energy!
The wolf howls!
A fulminant prism comes into view.
A wolf comes into view.
MP[-4]
You lost 4 mp, and now have 21/28 mp.
The vampire points at you and mumbles some strange words.
You are confused.
Your fulminant prism crackles loudly.
MP[+1]
A kobold comes into view.
It is wielding a +0 short sword and quivering poisoned darts.
The blast of energy engulfs the vampire.
The blast of energy engulfs the kobold!!
You kill the kobold!
Vehumet accepts your kill.
You hear a shout! x4
You hear a shout!
The wolf barely misses you. The wolf bites you!
A gnoll comes into view. It is wielding a +0 whip.
HP[-8]
You take 8 damage, and now have 43/51 hp.
The wolf bites you. The wolf barely misses you.
HP[-3]
You take 3 damage, and now have 40/51 hp.
You feel better. The wolf closely misses you. The wolf bites you!
The wolf bites you. The wolf barely misses you.
A wolf comes into view.
The vampire mumbles some strange words.
The vampire flickers and vanishes!
Deactivating autopickup; reactivate with Ctrl-A.
HP[-2] MP[+1]
You take 2 damage, and now have 38/51 hp.
Casting: Fulminant Prism (dangerous; 2% risk of failure)
Confirm with . or Enter, or press ? or * to list all spells.
Aiming: Fulminant Prism (dangerous; 2% risk of failure)
Press: ? - help, Dir - move target You conjure a prism of explosive energy!
A fulminant prism comes into view.
The wolf closely misses you. The wolf barely misses you. The wolf bites you!
The wolf stops to sniff the ground.
The wolf bites you.
A kobold comes into view. It is wielding a +0 short sword.
HP[-9] MP[-4]
You take 9 damage, and now have 29/51 hp.
You lost 4 mp, and now have 19/28 mp.
The wolf closely misses you. You block the wolf's attack.
You hear some strange, mumbled words.
You are confused.
Your fulminant prism crackles loudly.
HP[+1]
The wolf bites you but does no damage. x2; The wolf bites you!
* * * LOW HITPOINT WARNING * * *
The wolf bites you but does no damage. The wolf bites your fulminant prism!
The gnoll barely misses you.
The blast of energy engulfs the kobold!!
You kill the kobold!
Vehumet accepts your kill.
The blast of energy engulfs the wolf!! x2
You kill the wolf!
Vehumet accepts your kill. x2
You feel a bit more experienced. The blast of energy engulfs you.
* * * LOW HITPOINT WARNING * * *
The blast of energy engulfs the wolf!!
You kill the wolf!
Vehumet accepts your kill.
The blast of energy engulfs something!
You hear a shout! x2; You hear an angry growl.
You hear a shout!
You hear an angry growl.
You hear a shout!
You hear a roar!
You hear an angry buzzing noise.
Your Alchemy skill increases to level 7!
You have reached level 10!
You feel clever.
HP[-10]
You now have 56 max hp (+5).
You take 10 damage, and now have 20/56 hp.
You feel better. The wolf closely misses you. You block the wolf's attack.
Something hits you!
* * * LOW HITPOINT WARNING * * *
Something bites you!
* * * LOW HITPOINT WARNING * * *
Something draws strength from your injuries!
HP[-13] MP[+1]
You take 13 damage, and now have 7/56 hp.
MASSIVE DAMAGE!! (PAUSE)
Casting: Fulminant Prism (dangerous; 1% risk of failure)
Confirm with . or Enter, or press ? or * to list all spells.
You don't know that spell.
Casting: Fulminant Prism (dangerous; 1% risk of failure)
Confirm with . or Enter, or press ? or * to list all spells.
Aiming: Searing Ray (safe; 1% risk of failure)
Press: ? - help, Shift-Dir - straight line The searing ray hits the wolf!
You kill the wolf!
Vehumet accepts your kill. (Press . to maintain the ray.)
The gnoll misses you. Something hits you!
You die...

Skill      XL: |  1  2  3  4  5  6  7  8  9 |
---------------+----------------------------+-----
Stealth        | 3 4 5 |  5.0
Spellcasting   | 3 4 7 |  7.0
Conjurations   | 5 8 10 | 10.0
Alchemy        | 7 |  7.2
Dodging        | |  2.0

Action                     |  1- 3 |  4- 6 |  7- 9 | 10-12 || total
---------------------------+-------+-------+-------+-------++-------
  Melee: Dagger            |       |    24 |    16 |       ||    40
         Tentacles         |       |     3 |     5 |       ||     8
         Constrict         |       |     2 |     3 |       ||     5
   Cast: Magic Dart        |    52 |    85 |   187 |       ||   324
         Searing Ray       |       |     6 |    23 |     1 ||    30
         Fulminant Prism   |       |       |     7 |       ||     7
  Evoke: Wand              |       |       |     1 |       ||     1
    Use: Scroll            |       |       |    13 |       ||    13
         Potion            |       |       |     1 |     1 ||     2
   Stab: Sleeping          |       |     1 |       |       ||     1
 Armour: Skin              |       |    24 |    78 |     3 ||   105
  Dodge: Dodged            |     2 |    29 |    82 |     2 ||   115
  Block: Other             |       |       |    20 |     1 ||    21
         Reflection        |       |       |     4 |       ||     4

Levels and vault maps discovered:
D:1:      nagdon_arrival_double_spiral, layout_rooms
D:2:      layout_loops_ring
D:3:      layout_rooms, amcnicky_altar_gilded,
          hellmonk_ecumenical_altar_blasted, serial_shops,
          nicolae_shop_rolling_square
D:4:      layout_rooms, fedhas_ov_isle_minmay, serial_glass, glass_columns_b,
          glass_columns_c, glass_columns_b
D:5:      layout_basic, hangedman_decor_peaks_small, uniq_menkaure,
          uniq_crazy_yiuf_cottage, uniq_edmund, uniq_pikel
D:6:      layout_basic, mainiacjoe_overflow_two_lobes, lemuel_doored_altar,
          minmay_temple_entry_gardened_gates, kennysheep_big_empty_room,
          minmay_misc_feat_columns, chequers_serial_rivers_room_b
D:7:      layout_loops_ring, serial_shops, nicolae_shop_bloodbath_and_beyond,
          shop, nicolae_shop_behind_doors, nicolae_stop_n_shop_2,
          nicolae_shop_industrial_runoff, uniq_joseph
D:8:      layout_loops_cross, overflow_temple_1_default, nicolae_stop_n_shop_1,
          kennysheep_generic_room_14
D:9:      layout_basic, hellmonk_lair_entry_icy, eino_jars
Temple:   hellmonk_temple_divided_pantheon

Notes
Turn   | Place    | Note
-------+----------+-------------------------------------------
     0 | D:1      | zeratav the Octopode Conjurer began the quest for the Orb.
     0 | D:1      | Reached XP level 1. HP: 11/11 MP: 3/3
     0 | D:1      | magus.rc [v1.9.6]
    87 | D:1      | Reached skill level 3 in Stealth
   216 | D:1      | Reached XP level 2. HP: 17/17 MP: 3/5
   242 | D:1      | Reached skill level 4 in Stealth
   512 | D:1      | Reached XP level 3. HP: 21/21 MP: 2/6
   575 | D:1      | Reached skill level 5 in Stealth
  1232 | D:2      | Reached XP level 4. HP: 27/27 MP: 6/8
  1257 | D:2      | Reached skill level 3 in Spellcasting
  1366 | D:2      | You pick up a book of Frost and begin reading...
  1366 | D:2      | You add the spells Freeze, Frozen Ramparts and Hailstorm to
                  | your library.
  1485 | D:2      | You add the spells Cigotuvi's Dreadful Rot, Ignite Poison
                  | and Freezing Cloud to your library.
  1736 | D:2      | You pick up a book of Air and begin reading...
  1736 | D:2      | You add the spells Shock, Swiftness and Airstrike to your
                  | library.
  1873 | D:2      | Learned a level 2 spell: Searing Ray
  1962 | D:3      | Reached XP level 5. HP: 22/31 MP: 5/10
  2012 | D:3      | Found a faded altar of an unknown god.
  2039 | D:3      | Found a sparkling altar of Nemelex Xobeh.
  2128 | D:3      | You pick up a book of Cantrips and begin reading...
  2128 | D:3      | You add the spells Sting, Necrotise, Summon Small Mammal
                  | and Apportation to your library.
  2132 | D:3      | You pick up a book of Vapours and begin reading...
  2132 | D:3      | You add the spells Mercury Vapours and Mephitic Cloud to
                  | your library.
  2385 | D:3      | Reached skill level 4 in Spellcasting
  2533 | D:3      | Found Xegijank's Antique Weapon Boutique.
  2709 | D:4      | You pick up a book of Dangerous Friends and begin
                  | reading...
  2709 | D:4      | You add the spells Summon Blazeheart Golem, Orb of
                  | Destruction and Spellforged Servitor to your library.
  2811 | D:4      | Found a blossoming altar of Fedhas.
  3002 | D:4      | Reached XP level 6. HP: 14/36 MP: 1/13
  3192 | D:4      | You pick up a book of Beasts and begin reading...
  3192 | D:4      | You add the spells Summon Ice Beast, Summon Mana Viper and
                  | Monstrous Menagerie to your library.
  3335 | D:5      | Entered Level 5 of the Dungeon
  3348 | D:5      | Reached skill level 5 in Spellcasting
  3445 | D:5      | Noticed Menkaure
  3636 | D:5      | Noticed Pikel
  3686 | D:5      | Noticed an ice beast
  3834 | D:5      | HP: 8/36 [Pikel/+0 whip of freezing (5)]
  3835 | D:5      | Killed Pikel
  3836 | D:5      | Reached skill level 7 in Spellcasting
  3836 | D:5      | Reached XP level 7. HP: 6/41 MP: 9/17
  4066 | D:5      | Reached skill level 5 in Conjurations
  4215 | D:5      | Reached XP level 8. HP: 46/46 MP: 14/18
  4387 | D:5      | Reached skill level 6 in Conjurations
  4576 | D:5      | Found a runed translucent door.
  4577 | D:5      | Noticed Crazy Yiuf
  4696 | D:5      | Noticed Edmund
  4719 | D:5      | Killed Edmund
  4752 | D:5      | Reached skill level 7 in Conjurations
  5223 | D:6      | HP: 10/46 [poisoned by a gnoll sergeant]
  5228 | D:6      | HP: 7/46 [poisoned by a gnoll sergeant]
  5497 | D:6      | Reached skill level 8 in Conjurations
  6063 | D:6      | Found a staircase to the Ecumenical Temple.
  6072 | Temple   | Found a transporter.
  6072 | Temple   | Found a transporter.
  6072 | Temple   | Found a transporter.
  6072 | Temple   | Found a transporter.
  6072 | Temple   | Entered the Ecumenical Temple
  6121 | D:6      | Found a hide-covered altar of Uskayaw.
  6433 | D:6      | Found a shadowy altar of Dithmenos.
  6455 | D:6      | Found a snail-covered altar of Cheibriados.
  6508 | D:7      | Found Dasur's Distillery.
  6558 | Temple   | Became a worshipper of Vehumet
  6595 | D:7      | Noticed a yak
  6595 | D:7      | Noticed a yak
  6595 | D:7      | Noticed a yak
  6825 | D:7      | Bought a potion of curing for 39 gold pieces
  6825 | D:7      | Bought a potion of haste for 130 gold pieces
  7130 | D:7      | Reached XP level 9. HP: 51/51 MP: 19/19
  7165 | D:7      | Reached skill level 9 in Conjurations
  7328 | D:7      | Found Myor's Weapon Shop.
  7382 | D:7      | Found Gaira's Antique Armour Boutique.
  7538 | D:7      | Found Ceid's Distillery.
  7546 | D:7      | Bought a potion of brilliance for 56 gold pieces
  7548 | D:7      | Noticed Joseph
  7660 | D:7      | Learned a level 4 spell: Fulminant Prism
  7667 | D:7      | Killed Joseph
  7668 | D:7      | Reached skill level 10 in Conjurations
  7668 | D:7      | Reached skill level 1 in Alchemy
  7759 | D:7      | Found Puamupna's Magic Scroll Boutique.
  7767 | D:7      | Bought a scroll of identify for 30 gold pieces
  7767 | D:7      | Identified a scroll of acquirement
  7772 | D:7      | You pick up a book of the Wilderness and begin reading...
  7772 | D:7      | You add the spells Summon Forest and Summon Cactus Giant to
                  | your library.
  7773 | D:7      | Acquired the ring "Caqy" {^Drain rElec rN+ Dex+2 Stlth+}
  8013 | D:8      | Found Selojefoin's General Store.
  8021 | D:8      | Reached skill level 2 in Alchemy
  8051 | D:8      | Bought a scroll of identify for 24 gold pieces
  8051 | D:8      | Bought a scroll of identify for 24 gold pieces
  8073 | D:8      | Reached skill level 3 in Alchemy
  8277 | D:8      | Found a bloodstained altar of Trog.
  8430 | D:8      | HP: 11/51 [something (9)]
  8612 | D:8      | Reached skill level 4 in Alchemy
  8752 | D:8      | Reached * piety under Vehumet
  8752 | D:8      | Offered knowledge of Kiss of Death by Vehumet.
  8757 | D:8      | Reached skill level 5 in Alchemy
  9274 | D:7      | Bought a scroll of blinking for 112 gold pieces
  9395 | D:9      | Reached skill level 6 in Alchemy
  9452 | D:9      | Reached skill level 7 in Alchemy
  9452 | D:9      | Reached XP level 10. HP: 20/56 MP: 19/20
  9452 | D:9      | HP: 7/56 [something (13)]
  9453 | D:9      | Slain by a vampire

Vanquished Creatures
  Pikel (D:5)
  Joseph (D:7)
  Edmund (D:5)
  2 water moccasins (D:8)
  4 ice beasts
  3 wolves (D:9)
  A phantom (D:5)
  4 lemures (D:5)
  2 kobold brigands
  A gnoll sergeant (D:6)
  3 bullfrogs
  2 scorpions (D:5)
  4 killer bees (D:8)
  2 howler monkeys (D:7)
  A bombardier beetle (D:4)
  3 hounds
  5 orc priests
  2 iguanas
  2 sleepcaps
  6 orc wizards
  7 gnolls
  7 adders
  2 ufetubi (D:5)
  A dart slug (D:4)
  2 ribbon worms (D:3)
  16 orcs
  7 ball pythons
  3 endoplasms
  4 giant cockroaches
  4 goblins
  2 hobgoblins
  5 jackals
  2 quokkas
  A bat (D:1)
  4 frilled lizards
  18 kobolds
  3 rats
138 creatures vanquished.

Vanquished Creatures (others)
  7 fulminant prisms
7 creatures vanquished.

Grand Total: 145 creatures vanquished

Table legend:
 A = Non-vault XP
 B = Vault XP
 C = Vault XP percentage of total XP
 D = Non-vault monster count
 E = Vault monster count
 F = Vault count percentage of total count
                 A         B        C        D         E       F
            +---------+---------+-------+---------+---------+-------
      Total |    2778 |    2018 |  42.1 |     125 |       9 |   6.7
            +---------+---------+-------+---------+---------+-------
        D:1 |      53 |       0 |   0.0 |      21 |       0 |   0.0
        D:2 |      56 |       0 |   0.0 |      13 |       0 |   0.0
        D:3 |      82 |       0 |   0.0 |      10 |       0 |   0.0
        D:4 |     146 |       0 |   0.0 |      10 |       0 |   0.0
        D:5 |     615 |     807 |  56.8 |      16 |       2 |  11.1
        D:6 |     442 |       0 |   0.0 |      15 |       0 |   0.0
        D:7 |     505 |     472 |  48.3 |      16 |       1 |   5.9
        D:8 |     868 |       0 |   0.0 |      20 |       0 |   0.0
        D:9 |      11 |     739 |  98.5 |       4 |       6 |  60.0
            +---------+---------+-------+---------+---------+-------

Skill      XL: |  1  2  3  4  5  6  7  8  9 |
---------------+----------------------------+-----
Stealth        | 3 4 5 |  5.0
Spellcasting   | 3 4 7 |  7.0
Conjurations   | 5 8 10 | 10.0
Alchemy        | 7 |  7.2
Dodging        | |  2.0

Action                     |  1- 3 |  4- 6 |  7- 9 | 10-12 || total
---------------------------+-------+-------+-------+-------++-------
  Melee: Dagger            |       |    24 |    16 |       ||    40
         Tentacles         |       |     3 |     5 |       ||     8
         Constrict         |       |     2 |     3 |       ||     5
   Cast: Magic Dart        |    52 |    85 |   187 |       ||   324
         Searing Ray       |       |     6 |    23 |     1 ||    30
         Fulminant Prism   |       |       |     7 |       ||     7
  Evoke: Wand              |       |       |     1 |       ||     1
    Use: Scroll            |       |       |    13 |       ||    13
         Potion            |       |       |     1 |     1 ||     2
   Stab: Sleeping          |       |     1 |       |       ||     1
 Armour: Skin              |       |    24 |    78 |     3 ||   105
  Dodge: Dodged            |     2 |    29 |    82 |     2 ||   115
  Block: Other             |       |       |    20 |     1 ||    21
         Reflection        |       |       |     4 |       ||     4

Illustrated notes

Table legend:
 A = Kills in this place as a percentage of kills in the entire game.
 B = Kills by you in this place as a percentage of kills by you in the entire game.
 C = Kills by friends in this place as a percentage of kills by friends in the entire game.
 D = Other kills in this place as a percentage of other kills in the entire game.
 E = Experience gained in this place as a percentage of experience gained in the entire game.
 F = Experience gained in this place divided by the number of levels of this place that you have seen.
                   A       B       C       D       E      F
               +-------+-------+-------+-------+-------+----------------------
         Total | 100.0 | 100.0 |   N/A |   N/A | 100.0 | 479.6
       Dungeon | 100.0 | 100.0 |   N/A |   N/A | 100.0 | 532.9
               +-------+-------+-------+-------+-------+----------------------

Table legend: (Time is in decaauts)
 A = Elapsed time spent in this place.
 B = Non-inter-level travel time spent in this place.
 C = Inter-level travel time spent in this place.
 D = Time resting spent in this place.
 E = Time spent auto-exploring this place.
 F = Levels seen in this place.
 G = Mean time per level.
                   A        B        C        D        E       F      G
               +--------+--------+--------+--------+--------+-----+--------+
         Total |   9457 |   8915 |    542 |   1685 |   6031 |  10 |  945.7 |
       Dungeon |   9418 |   8893 |    525 |   1685 |   6031 |   9 | 1046.4 |
        Temple |     39 |     22 |     17 |      0 |      0 |   1 |   39.0 |
               +--------+--------+--------+--------+--------+-----+--------+

Top non-repeatable levels by time:
     D:6: 1647 daAuts
     D:5: 1633 daAuts
     D:7: 1353 daAuts
     D:8: 1270 daAuts
     D:2: 1077 daAuts
     D:1: 913 daAuts
     D:4: 709 daAuts
     D:3: 690 daAuts
     D:9: 123 daAuts
  Temple: 39 daAuts
